Map: Thunderbird LE

Players

Kas

  • Race: Terran Terran
  • League: Master
  • Spawn Location: 11:00

PtitDrogo - Winner!

  • Race: Protoss Protoss
  • League: Master
  • Spawn Location: 5:00

Event: HomeStory Cup XIX

VOD

Have the link to the VOD?

Description

Time

  • Played on: June 28, 2019, 1:57 p.m.
  • Length: 11:09

All games in this series

Show
View Real Time Build Order
Export as new Build Order

Kas Terran 

Build Orders: Reaper Expand 

Get SALT Encoding   

  12  0:00  SCV  
  13  0:12  SCV  
  14  0:17  Supply Depot  
  14  0:25  SCV  
  15  0:38  SCV  
  15  0:41  Barracks  
  16  0:45  Refinery  
  16  0:50  SCV  
  17  1:03  SCV  
  18  1:15  SCV  
  19  1:28  Reaper  
  19  1:29  Orbital Command  
  20  1:38  Command Center  
  20  1:54  SCV  
  20  1:56  Supply Depot  
  20  2:01  Barracks Reactor  
  21  2:07  SCV  
  22  2:10  Refinery  
  22  2:19  SCV  
  23  2:23  Factory  
  23  2:31  SCV  
  24  2:37  Marine x2  
  24  2:43  SCV  
  27  2:51  Orbital Command  
  27  2:55  Marine x2, SCV  
  30  3:07  SCV  
  30  3:08  Widow Mine, Starport  
  33  3:13  Marine x2  
  33  3:16  SCV  
  36  3:26  SCV  
  36  3:29  Widow Mine, SCV  
  36  3:30  Supply Depot  
  36  3:31  Marine x2  
  41  3:38  SCV  
  41  3:41  Bunker, SCV  
  43  3:46  Medivac  
  45  3:48  Marine  
  45  3:52  Marine, SCV  
  45  3:53  Factory Tech Lab, SCV  
  49  4:04  SCV  
  49  4:05  SCV  
  49  4:06  Supply Depot  
  51  4:10  Supply Depot  
  51  4:14  Siege Tank  
  54  4:28  Viking, Marine x2, SCV x2  
  54  4:30  Command Center  
  60  4:37  Barracks  
  60  4:38  Barracks  
  60  4:40  SCV  
  60  4:45  Marine x2, SCV  
  62  4:48  Refinery  
  62  4:52  Supply Depot  
  64  4:56  SCV  
  64  4:58  SCV  
  62  5:03  Reaper  
  61  5:08  SCV  
  61  5:09  Factory Tech Lab, Raven, Marine  
  61  5:10  Refinery, SCV  
  66  5:14  Engineering Bay  
  66  5:16  Engineering Bay  
  66  5:20  SCV  
  67  5:25  Barracks Tech Lab  
  67  5:27  Marine  
  68  5:30  SCV  
  68  5:34  SCV  
  70  5:37  Stimpack  
  70  5:38  Marauder  
  70  5:42  Orbital Command  
  68  5:55  SCV  
  68  5:57  Combat Shield  
  68  6:01  SCV  
  68  6:02  Marine x2, Marauder x2  
  75  6:06  Starport Reactor  
  75  6:07  Barracks, Orbital Command, SCV  
  75  6:08  Barracks, Supply Depot  
  75  6:10  Supply Depot  
  76  6:12  Terran Infantry Weapons Level 1, Terran Infantry Armor Level 1  
  76  6:13  Siege Tank, SCV  
  80  6:19  SCV  
  81  6:25  SCV  
  81  6:28  Marauder x2, Marine x2  
  81  6:31  SCV  
  89  6:34  SCV  
  89  6:38  SCV  
  89  6:39  Refinery  
  91  6:40  Refinery  
  91  6:42  Supply Depot  
  91  6:43  Supply Depot  
  91  6:44  SCV  
  91  6:46  SCV  
  93  6:47  Medivac x2  
  93  6:50  SCV  
  98  6:56  Barracks Reactor, Barracks Tech Lab  
  98  6:58  SCV x2  
  102  7:01  Marauder x2, Marine x2  
  102  7:02  SCV  
  102  7:06  Supply Depot  
  102  7:07  Factory Reactor, Supply Depot  
  107  7:10  SCV  
  108  7:17  Marauder, SCV  
  108  7:19  Marine x2, Medivac x2  
  119  7:23  Concussive Shells, Marauder  
  119  7:27  SCV  
  119  7:28  SCV  
  121  7:34  Bunker  
  121  7:35  Missile Turret  
  121  7:37  Supply Depot  
  121  7:39  Marine x3, Marauder x2  
  121  7:40  Liberator x2  
  121  7:42  SCV x2  
  134  7:44  Widow Mine x2  
  134  7:51  Barracks  
  134  7:52  Ghost Academy  
  134  7:54  Barracks x2  
  140  8:03  SCV x2  
  140  8:04  SCV  
  143  8:14  Command Center  
  143  8:15  Supply Depot x2  
  143  8:17  Supply Depot  
  143  8:23  Ghost, Liberator x2  
  143  8:24  Missile Turret  
  143  8:25  Ghost, Missile Turret  
  147  8:30  Ghost  
  149  8:40  Barracks Tech Lab  
  155  8:41  Barracks Reactor  
  155  8:47  Ghost  
  157  8:49  Marine x4  
  157  8:52  Supply Depot  
  167  9:03  Marine, Marauder x3  
  167  9:05  Supply Depot  
  167  9:06  Marine  
  167  9:08  Supply Depot  
  169  9:13  Liberator x2  
  169  9:17  Marine, Marauder  
  169  9:18  Marine x2  
  169  9:19  Marine  
  169  9:21  Marine, Marauder  
  180  9:24  Marauder, Starport  
  180  9:26  Marauder  
  188  9:35  Marine  
  188  9:36  Marine, Marauder  
  192  9:39  Marauder  
  192  9:42  Marauder  
  196  9:56  Liberator  
  183  10:09  Starport Tech Lab  
  183  10:10  Planetary Fortress  
  183  10:11  SCV x2  
  183  10:12  Fusion Core  
  139  10:29  Marauder x3, Marine x3  
  139  10:30  Marine x3, Marauder x2  
  139  10:35  SCV x3  
  156  10:47  Marine x3  
  156  10:49  Marine x2  
Show
View Real Time Build Order
Export as new Build Order

PtitDrogo Protoss - Winner!

Build Orders: 1 Gate Expand, Zealot Archon, Colossus Rush 

Get SALT Encoding   

  12  0:00  Probe  
  13  0:12  Probe  
  14  0:16  Pylon  
  14  0:25  Probe  
  15  0:33  Probe  
  15  0:35  Gateway  
  15  0:42  Probe, Assimilator  
  17  0:52  Probe  
  18  1:04  Probe  
  19  1:17  Probe  
  20  1:22  Cybernetics Core  
  20  1:29  Probe  
  21  1:34  Nexus  
  21  1:45  Pylon  
  21  1:46  Probe  
  22  1:53  Stalker  
  22  1:55  Assimilator  
  22  2:00  Probe  
  23  2:04  Warp Gate  
  25  2:12  Probe  
  25  2:13  Stalker  
  26  2:24  Probe  
  29  2:36  Probe  
  30  2:37  Robotics Facility  
  30  2:44  Probe  
  30  2:46  Stalker  
  30  2:49  Probe  
  34  2:52  Probe  
  35  3:00  Probe  
  35  3:01  Probe  
  37  3:13  Probe x2  
  38  3:21  Probe  
  38  3:25  Probe  
  39  3:28  Observer, Gateway  
  39  3:29  Probe, Gateway  
  41  3:37  Probe  
  41  3:38  Pylon  
  41  3:39  Probe  
  43  3:49  Observer, Probe x2  
  43  3:51  Assimilator  
  43  3:53  Assimilator  
  46  3:57  Sentry, Probe  
  46  4:01  Probe  
  46  4:02  Pylon  
  50  4:05  Probe  
  51  4:10  Pylon  
  51  4:11  Observer  
  51  4:13  Probe  
  51  4:14  Probe  
  53  4:22  Stalker x2, Probe  
  53  4:23  Stalker  
  60  4:25  Probe  
  62  4:32  Probe  
  62  4:37  Probe  
  64  4:44  Probe  
  64  4:45  Nexus  
  65  4:48  Stalker x2  
  65  4:51  Probe  
  70  4:59  Probe  
  63  5:03  Probe  
  63  5:04  Pylon  
  65  5:07  Probe, Robotics Bay  
  66  5:14  Probe  
  66  5:20  Probe, Twilight Council, Forge  
  68  5:23  Probe  
  68  5:26  Sentry x2  
  73  5:31  Pylon  
  73  5:32  Probe x2  
  75  5:44  Probe  
  72  5:54  Probe  
  72  5:55  Probe, Colossus  
  72  5:56  Probe, Extended Thermal Lance  
  80  6:03  Probe  
  80  6:05  Charge, Probe, Protoss Ground Weapons Level 1  
  80  6:07  Probe  
  83  6:11  Probe  
  83  6:14  Probe  
  83  6:16  Pylon  
  85  6:19  Probe  
  85  6:22  Probe  
  85  6:23  Probe  
  85  6:24  Gateway  
  87  6:27  Gateway  
  87  6:29  Forge  
  87  6:30  Assimilator, Gateway  
  87  6:31  Probe  
  89  6:32  Assimilator  
  89  6:33  Probe  
  89  6:37  Probe, Colossus  
  91  6:43  Templar Archives  
  91  6:45  Pylon  
  91  6:51  Probe  
  91  6:53  Probe x2  
  100  7:03  Probe  
  100  7:06  Gateway  
  100  7:07  Gateway  
  101  7:10  Gateway  
  101  7:11  Gateway  
  101  7:16  Probe  
  101  7:17  Pylon  
  101  7:18  Protoss Ground Armor Level 1  
  101  7:21  Photon Cannon  
  102  7:23  Colossus, Shield Battery, Pylon  
  102  7:32  High Templar  
  110  7:38  Zealot x3  
  116  7:45  Blink  
  116  7:47  High Templar x2, Pylon  
  116  7:49  Nexus  
  120  7:52  Pylon  
  120  7:53  Archon  
  120  8:00  Pylon  
  120  8:03  Pylon  
  120  8:04  Colossus  
  126  8:20  Shield Battery, Protoss Ground Weapons Level 2  
  126  8:21  Probe x2, Shield Battery  
  126  8:22  Probe  
  126  8:23  Assimilator  
  129  8:27  Assimilator  
  129  8:30  Observer  
  129  8:34  Zealot x2, High Templar x2  
  131  8:35  Zealot x4  
  131  8:38  Archon  
  131  8:41  Photon Cannon  
  145  8:50  Warp Prism, Psionic Storm, Pylon  
  145  9:01  High Templar  
  145  9:02  Zealot, High Templar x3  
  155  9:03  Zealot x3  
  163  9:16  Observer  
  163  9:20  Gateway  
  163  9:26  Probe, Gateway  
  163  9:29  Zealot x4  
  172  9:38  Probe  
  172  9:39  Stalker x5  
  182  9:47  Pylon  
  182  9:49  Pylon  
  182  9:50  Probe  
  179  10:06  Stalker x7  
  191  10:07  Stalker x2  
  163  10:25  Zealot  
  139  10:32  Stalker x6  
  139  10:33  Stalker x3  
  127  10:57  Archon  
  127  11:02  Stalker x6  
  127  11:03  Stalker x4  
Tags
 
Add a new tag
Caveats
  • Supply blocks, unpowered buildings, or Contaminate may cause inaccurate times.
  • Supply counts are checked every 10 seconds.